 Dungeon Crawl Stone Soup version 0.16-a0-3761-g2321f2b (console) character file.

55 Monkaria the Chopper (level 3, 27/29 HPs)
             Began as a Demonspawn Fighter on Jan 24, 2015.
             Was an Initiate of Makhleb.
             Quit the game on level 2 of the Dungeon.
             The game lasted 00:01:31 (1382 turns).

Monkaria the Chopper (Demonspawn Fighter)           Turns: 1382, Time: 00:01:31

Health: 27/29      AC:  8    Str: 17    XL:     3   Next: 67%
Magic:  3/3        EV:  6    Int:  9    God:    Makhleb [......]
Gold:   96         SH:  8    Dex: 12    Spells: 0 memorised, 2 levels left

rFire  . . .     SeeInvis .     a - +0 war axe
rCold  + . .     Clarity  .     b - +0 scale mail
rNeg   . . .     SustAb   .     c - +0 shield
rPois  .         Gourm    .     (no helmet)
rElec  .         Spirit   .     (no cloak)
rCorr  .         Warding  .     q - +1 pair of gloves
rMut   .         Stasis   .     (no boots)
MR     .....                    (no amulet)
Stlth  ..........               (no ring)
                                (no ring)

@: not resistant to hostile enchantments, extremely unstealthy
A: claws 1, cold resistance 1
a: Renounce Religion


You were on level 2 of the Dungeon.
You worshipped Makhleb.
Makhleb was noncommittal.
You were hungry.

You visited 1 branch of the dungeon, and saw 2 of its levels.

You collected 96 gold pieces.

Inventory:

Hand weapons
 a - a +0 war axe (weapon)
Armour
 b - a +0 scale mail (worn)
 c - a +0 shield (worn)
 q - a +1 pair of gloves (worn)
Scrolls
 f - a scroll of enchant weapon {unknown}
 g - 2 scrolls of identify {unknown}
 i - a scroll of amnesia {unknown}
 k - a scroll of fog {unknown}
 l - a scroll of remove curse {unknown}
 n - a scroll of enchant armour {unknown}
Potions
 e - a potion of might
 h - a potion of ambrosia {unknown}
 m - a potion of invisibility {unknown}
 o - a potion of mutation {unknown}
 p - 2 potions of curing {unknown}
Comestibles
 d - a bread ration
 j - a slice of pizza


   Skills:
 - Level 3.0 Fighting
 - Level 3.3 Axes
 - Level 2.6 Armour
 - Level 2.6 Shields
 + Level 1.3 Unarmed Combat


You had 2 spell levels left.
You didn't know any spells.

Dungeon Overview and Level Annotations

Branches:
Dungeon (2/15)

Altars:
Makhleb
Ru


Innate Abilities, Weirdness & Mutations

You have sharp fingernails.
Your flesh is cold resistant.


Message History

No target in view!
No target in view!
No target in view!
No target in view!
No target in view!
No target in view!
No target in view!
You are feeling hungry.
You now have 83 gold pieces (gained 18).
You now have 96 gold pieces (gained 13).
Found a sacrificial altar of Ru.
There is a sacrificial altar of Ru here.
p - 2 purple potions (gained 1)
Found a pair of runed gloves.
You see here a pair of runed gloves.
q - a pair of runed gloves You start putting on your armour.
You continue putting on your pair of runed gloves. x4
You finish putting on your +1 pair of gloves.
Are you sure you want to abandon this character and quit the game? (Confirm with "yes".)

#...............##.####.##.#
#..................#######.####
#............##>...............
#.......##.####.##.#...#.....##
#.......#<.# #.##.#.).#.#.####
#.......#..# #......).........
#.......#..# ######...........
###.######.###### #...........
#.#.........@.# #...........
#.#.####.####.# #...........
#.#.#.......#.# ###.........
#.#.#.##.##.#.# #.........
#.#.#.#...#.#.#.# ....)....
#......._.......# #######.
###.#.#...#.#.#.# #.
#.#.##.##.#.#.# #.
#.#.......#.# # .


There were no monsters in sight!

Vanquished Creatures
  A gnoll (D:1)
  A giant mite (D:1)
  A giant gecko (D:2)
  An ooze (D:2)
  4 goblins
  5 hobgoblins
  4 jackals (D:1)
  4 kobolds
  A quokka (D:2)
  6 bats
  4 giant newts
  6 rats
38 creatures vanquished.

Notes
Turn   | Place    | Note
--------------------------------------------------------------
     0 | D:1      | Monkaria, the Demonspawn Fighter, began the quest for the Orb.
     0 | D:1      | Reached XP level 1. HP: 18/18 MP: 1/1
   422 | D:1      | Gained mutation: Your flesh is cold resistant. [demonic ancestry]
   422 | D:1      | Reached XP level 2. HP: 24/24 MP: 2/2
   915 | D:1      | Gained mutation: You have sharp fingernails. [demonic ancestry]
   915 | D:1      | Reached XP level 3. HP: 18/29 MP: 3/3
  1133 | D:2      | Found a burning altar of Makhleb.
  1164 | D:2      | Became a worshipper of Makhleb the Destroyer
  1229 | D:2      | Reached skill level 1 in Unarmed Combat
  1358 | D:2      | Found a sacrificial altar of Ru.
  1382 | D:2      | Quit the game

Action                   || total
-------------------------++-------
Melee: War axe           ||   118
  Eat: Chunk             ||     1
